AoeStats
← GoldPhantom

Arabia

507899083Analyzed
2v2 RM · 14d ago on Sep 20, 2026· 64m 23s· 4 players
Game mode
Random Map
Map size
Medium (4 player)
Population
200
Speed
Normal
Resources
Standard
Victory
Conquest
Starting age
Dark Age
Ending age
Imperial Age
RankedLock teamsTeams togetherTeam positionsShared explorationLock speedFull tech treeHidden civsTurbo modeCheats
Victory
Defeat
🇲🇽 Koreans · Mexico
864
+14
🇭🇰 Lithuanians · Hong Kong SAR China
854
+14
🇨🇴 Italians · Colombia
825
-25
🇨🇴 Chinese · Colombia
825
-25
GoldPhantom
10:42 Feudal Age
8:57 Loom
11:46 Double-Bit Axe
17:08 Forging
21:46 Castle Age
20:40 Gold Mining
21:17 Bloodlines
21:30 Scale Barding Armor
22:38 Bow Saw
23:50 Husbandry
24:08 Light Cavalry
26:13 Wheelbarrow
26:18 Elite Skirmisher
26:54 Fletching
31:31 Hand Cart
31:02 Town Watch
31:20 Padded Archer Armor
31:57 Iron Casting
31:50 Horse Collar
32:59 Thumb Ring
34:38 Ballistics
35:40 Chain Barding Armor
36:35 Heavy Plow
39:54 Imperial Age
38:58 Stone Mining
39:43 Bodkin Arrow
39:49 Scale Mail Armor
40:24 Cavalier
41:38 Fervor
41:48 Sanctity
42:03 Crop Rotation
42:35 Two-Man Saw
42:16 Stone Shaft Mining
42:06 Treadmill Crane
42:37 Masonry
43:05 Plate Barding Armor
42:30 Bracer
44:30 Conscription
44:51 Leather Archer Armor
45:30 Tower Shields
45:57 Chain Mail Armor
45:05 Pikeman
45:46 Squires
46:13 Elite Leitis
46:17 Halberdier
48:04 Town Patrol
48:29 Guilds
50:04 Onager
54:19 Ring Archer Armor
55:12 Architecture
55:44 Chemistry
58:39 Hoardings
58:05 Hill Forts
58:23 Winged Hussar
ericrjp71
6:46 Loom
9:52 Feudal Age
16:55 Fletching
25:04 Wheelbarrow
25:16 Town Watch
27:43 Castle Age
28:23 Bodkin Arrow
28:28 Stone Mining
28:24 Double-Bit Axe
28:31 Gold Mining
28:29 Horse Collar
29:24 Pikeman
Dinosaurio15
5:56 Loom
10:25 Feudal Age
16:12 Castle Age
15:35 Scale Barding Armor
24:30 Fletching
27:26 Wheelbarrow
33:11 Chain Barding Armor
32:47 Bodkin Arrow
34:52 Padded Archer Armor
37:50 Town Watch
43:33 Imperial Age
44:56 Double-Bit Axe
44:55 Horse Collar
45:45 Squires
45:06 Pikeman
45:31 Pikeman
47:19 Scale Mail Armor
48:47 Chain Mail Armor
50:42 Plate Mail Armor
51:42 Gold Mining
54:37 Light Cavalry
55:59 Hussar
57:50 Plate Barding Armor
57:28 Bloodlines
judiosorio
11:05 Feudal Age
12:27 Loom
12:32 Double-Bit Axe
12:31 Horse Collar
25:47 Castle Age
25:02 Bloodlines
27:14 Bow Saw
26:58 Gold Mining
26:58 Stone Mining
26:37 Pikeman
29:01 Elite Skirmisher
30:30 Heavy Plow
32:15 Wheelbarrow
48:03 Imperial Age
45:58 Hand Cart
46:27 Gold Shaft Mining
46:33 Stone Shaft Mining
47:58 Forging
47:39 Fletching
47:50 Padded Archer Armor
47:56 Scale Barding Armor
47:52 Scale Mail Armor
48:32 Ballistics
48:19 Elite Fire Lancer
48:41 Cavalier
54:18 Chemistry
55:17 Fortified Wall
55:51 Chain Barding Armor
Connection lost

Rejoining the realm…

Still unreachable

The connection could not be restored.

Session expired

The server has moved on; the page needs a fresh start.